 Dungeon Sprint DCSS version 0.30-a0-297-g0ec75d9ef4 (webtiles) character file.

Game seed: 17495302722569082398

263 rocky1 the Unseen (level 6, -4/39 HPs)
             Began as a Kobold Brigand on Oct 19, 2022.
             Slain by a spatial vortex (27 damage)
             ... in the Dungeon (Sprint III: "The Ten Rune Challenge").
             The game lasted 00:01:01 (293 turns).

rocky1 the Unseen (Kobold Brigand)                   Turns: 293, Time: 00:01:02

Health: -4/39      AC:  3    Str:  8    XL:     6   Next: 43%
Magic:  6/6        EV: 16    Int: 13    God:
Gold:   7          SH:  0    Dex: 18    Spells: 5/5 levels left

rFire   . . .      SeeInvis .    a - +2 dagger
rCold   . . .      Faith    .    (no shield)
rNeg    . . .      Spirit   .    b - +0 robe
rPois   .          Reflect  .    (no helmet)
rElec   .          Harm     .    c - +0 cloak
rCorr   .          Rampage  .    (no gloves)
Will    .....      NoTele   +    (no boots)
Stlth   +++++++...               (no amulet)
HPRegen 0.26/turn                (no ring)
MPRegen 0.10/turn                (no ring)

@: no status effects
A: small, no large weapons, nightstalker 3
a: no special abilities


You were in the Dungeon.
You visited 1 branch You collected 7 gold pieces.

Inventory:

Hand Weapons
 a - a +2 dagger (weapon)
Missiles
 d - 9 poisoned darts (quivered)
 e - 2 curare-tipped darts
Armour
 b - a +0 robe (worn)
 c - a +0 cloak (worn)
Scrolls
 k - a scroll of blinking
 l - 5 scrolls of identify
 m - 2 scrolls of poison {unknown}
Potions
 f - a potion of curing
 g - a potion of heal wounds
 h - a potion of haste
 i - 2 potions of magic
 n - 3 potions of flight
 o - 4 potions of mutation
 p - a potion of cancellation {unknown}


   Skills:
 + Level 4.4 Fighting
 + Level 4.8 Short Blades
 + Level 5.0 Throwing
 + Level 3.3 Dodging
 + Level 15.2 Stealth


You had 5 spell levels left.
You didn't know any spells.
Your spell library was empty.

Dungeon Overview and Level Annotations

Branches:
Dungeon (1/1)

Altars:
Cheibriados
Fedhas
Gozag
Hepliaklqana
Makhleb
Nemelex Xobeh
Qazlal
Xom
Jiyva
Lugonu


Innate Abilities, Weirdness & Mutations

You are small and have problems with some larger weapons.
You are completely attuned to the shadows.


Message History

You destroy the water elemental!
Your Fighting skill increases to level 3!
Your Throwing skill increases to level 3!
Your Dodging skill increases to level 2!
Your Stealth skill gained 3 levels and is now at level 11!
You have reached level 4!
There is a fountain of clear blue water here.
You open the door.
A shadow comes into view.
There is an open door here.
A jelly comes into view.
The helpless shadow fails to defend itself.
You stick the shadow like a pincushion!!!
You destroy the shadow!
Your Fighting skill increases to level 4!
Your Short Blades skill increases to level 4!
Your Throwing skill increases to level 4!
Your Dodging skill increases to level 3!
Your Stealth skill gained 3 levels and is now at level 14!
You have reached level 5!
You feel clever.
You have reached level 6!
The helpless jelly fails to defend itself.
You perforate the jelly like a sieve!!!!
You kill the jelly!
Your Throwing skill increases to level 5!
Your Stealth skill increases to level 15!
Unknown command.
You start waiting.
Done waiting.
You open the door.
Found five altars.
A spatial vortex comes into view.
Found a condenser vane.
Found five altars.
There is an open door here.
There is a blossoming altar of Fedhas here.
There is a snail-covered altar of Cheibriados here.
The spatial vortex hits you! The spatial vortex hits you!!
Ouch! That really hurt!
You die...

...♣. ♣.# ....♣ ♣.#
...~♣♣♣♣♣.###+#+###+##
..~~.♣..♣.#..........#
.~~~~.....'.⌠........#
.~≈≈~~~♣..#...######'#
~~≈~~~....#.⌠.#__#...#
~≈~~~.....#...#__#...#
~~~.......#+###_@#...#
..........# #v_#...+
..........# #__'...#
▓▓▓▓▓▓▓▓▓▓▓ ▓▓▓▓▓▓▓▓


You could see a spatial vortex.

Vanquished Creatures
  A shadow (D)
  A water elemental (D)
  A jelly (D)
  A human (D)
  A phantom (D)
  An endoplasm (D)
  3 rats (D)
9 creatures vanquished.

Notes
Turn   | Place    | Note
-------+----------+-------------------------------------------
     0 | D        | rocky1 the Kobold Brigand began the quest for the Orb.
     0 | D        | Reached XP level 1. HP: 12/12 MP: 1/1
     8 | D        | Reached skill level 6 in Stealth
    37 | D        | Reached skill level 7 in Stealth
    37 | D        | Reached XP level 2. HP: 18/18 MP: 2/2
    99 | D        | Reached skill level 8 in Stealth
    99 | D        | Reached XP level 3. HP: 12/22 MP: 3/3
   165 | D        | Noticed a water elemental
   168 | D        | Killed a water elemental
   169 | D        | Reached skill level 11 in Stealth
   169 | D        | Reached XP level 4. HP: 28/28 MP: 4/4
   179 | D        | Noticed a shadow
   181 | D        | Killed a shadow
   182 | D        | Reached skill level 14 in Stealth
   182 | D        | Reached XP level 5. HP: 33/33 MP: 5/5
   182 | D        | Reached XP level 6. HP: 38/38 MP: 6/6
   186 | D        | Reached skill level 5 in Throwing
   186 | D        | Reached skill level 15 in Stealth
   289 | D        | Found a blossoming altar of Fedhas.
   289 | D        | Found a stormy altar of Qazlal.
   289 | D        | Found a snail-covered altar of Cheibriados.
   289 | D        | Found a burning altar of Makhleb.
   289 | D        | Found a shimmering altar of Xom.
   290 | D        | Found a hazy altar of Hepliaklqana.
   290 | D        | Found an opulent altar of Gozag.
   290 | D        | Found a sparkling altar of Nemelex Xobeh.
   290 | D        | Found a corrupted altar of Lugonu.
   290 | D        | Found a viscous altar of Jiyva.
   290 | D        | Noticed a spatial vortex
   293 | D        | Slain by a spatial vortex

Illustrated notes

Levels and vault maps discovered:
D:        dungeon_sprint_mu [sprint_mu_entry_forest, sprint_mu_temple_rooms,
          sprint_mu_d1_spiders, sprint_mu_d2_genie, sprint_mu_d3_branching,
          sprint_mu_orc_legion, sprint_mu_elf_gauntlet, sprint_mu_hive_nellie,
          sprint_mu_lair_fedhas, sprint_mu_vaults_butterflies,
          sprint_mu_slime_circle, sprint_mu_swamp_cave, sprint_mu_snake_twists,
          sprint_mu_blade_basic, sprint_mu_crypt_chambers,
          sprint_mu_tomb_spiral, sprint_mu_vestibule_basic,
          sprint_mu_gehenna_hellfire, sprint_mu_dis_giant,
          sprint_mu_tartarus_statrot, sprint_mu_cocytus_islands, sprint_mu_zot1]

Skill      XL: |  1  2  3  4  5  6 |
---------------+-------------------+-----
Stealth        | 7 8 11 14 15 | 15.2
Short Blades   | 3 4 |  4.8
Fighting       | 3 4 |  4.4
Throwing       | 3 4 5 |  5.0
Dodging        | 2 3 |  3.3

Action                   |  1- 3 |  4- 6 || total
-------------------------+-------+-------++-------
Melee: Dagger            |    22 |     2 ||    24
Throw: Dart              |     5 |       ||     5
  Use: Potion            |     1 |       ||     1
 Stab: Sleeping          |     6 |     2 ||     8
Armor: Robe              |     6 |       ||     6
Dodge: Dodged            |     7 |       ||     7

Table legend: (Time is in decaauts)
 A = Elapsed time spent in this place.
 B = Non-inter-level travel time spent in this place.
 C = Inter-level travel time spent in this place.
 D = Time resting spent in this place.
 E = Time spent auto-exploring this place.
 F = Levels seen in this place.
 G = Mean time per level.
                   A        B        C        D        E       F      G
               +--------+--------+--------+--------+--------+-----+--------+
         Total |    301 |    301 |      0 |    164 |     17 |   1 |  301.0 |
       Dungeon |    301 |    301 |      0 |    164 |     17 |   1 |  301.0 |
               +--------+--------+--------+--------+--------+-----+--------+

Top non-repeatable levels by time:
       D: 301 daAuts
